 Dungeon Crawl Stone Soup version 0.29.1-2-gbd0b4ee654 (console) character file.

Game seed: 11223038929765236992

63 om the Cudgeller (level 3, 0/36 HPs)
             Began as a Troll Berserker on Oct 27, 2022.
             Was a Believer of Trog.
             Slain by a bat (1 damage)
             ... on level 3 of the Dungeon.
             The game lasted 00:04:16 (1123 turns).

om the Cudgeller (Troll Berserker)                  Turns: 1123, Time: 00:04:16

Health: 0/36       AC:  4    Str: 25    XL:     3   Next: 89%
Magic:  2/2        EV: 10    Int:  9    God:    Trog [**....]
Gold:   100        SH:  0    Dex: 11    Spells: 2/2 levels left

rFire   . . .      SeeInvis .   a - +0 mace
rCold   . . .      Faith    .   (no shield)
rNeg    . . .      Spirit   .   b - +0 animal skin
rPois   .          Reflect  .   (helmet restricted)
rElec   .          Harm     +   i - scarf {harm}
rCorr   .          Rampage  .   (gloves unavailable)
Will    .....                   (boots unavailable)
Stlth   +.........              (no amulet)
HPRegen 0.92/turn               c - +6 ring of intelligence
MPRegen 0.08/turn               n - ring of flight

@: flying
A: large, unfitting armour, claws 3, regeneration 1, shaggy fur 1, tough skin 1
a: Renounce Religion, Berserk, Trog's Hand


You were on level 3 of the Dungeon.
You worshipped Trog.
Trog was pleased with you.
You visited 1 branch of the dungeon, and saw 3 of its levels.

You collected 100 gold pieces.

Inventory:

Hand Weapons
 a - a +0 mace (weapon)
Armour
 b - a +0 animal skin (worn)
 i - a scarf of harm (worn)
Jewellery
 c - a +6 ring of intelligence (left claw)
 n - a ring of flight (right claw)
Scrolls
 e - a scroll of acquirement
 g - a scroll of amnesia {unknown}
 h - a scroll of teleportation {unknown}
 k - a scroll of fog {unknown}
 l - a scroll of identify {unknown}
 m - a scroll of brand weapon {unknown}
Potions
 d - 3 potions of attraction {unknown}
 f - a potion of heal wounds {unknown}
 j - a potion of curing {unknown}


   Skills:
 + Level 2.9 Fighting
 * Level 3.6 Maces & Flails
 + Level 2.9 Dodging


You had 2 spell levels left.
You didn't know any spells.
Your spell library was empty.

Dungeon Overview and Level Annotations

Branches:
Dungeon (3/15)

Altars:


Innate Abilities, Weirdness & Mutations

You are too large for most types of armour.
You have claws for hands.
Your natural rate of healing is unusually fast.
You are covered in fur. (AC +1)
You have tough skin. (AC +1)


Message History

The adder is moderately wounded.
You feel sick. The adder bites you but does no damage.
The orc barely misses you. The bat barely misses you. The adder bites you.
You are more poisoned.
The adder poisons you!
You miss the adder.
The adder is moderately wounded.
You feel sick. The bat hits you. The orc hits you but does no damage.
The adder barely misses you. The bat hits you but does no damage.
The orc hits you with a +0 war axe.
You completely miss the adder.
The adder is moderately wounded.
You feel sick. The bat closely misses you. The adder misses you.
The orc hits you with a +0 war axe! The adder barely misses you.
You are too injured to fight recklessly!
You are too injured to fight recklessly!
You are too injured to fight recklessly!
You barely miss the adder.
The adder is moderately wounded.
You feel sick. The bat misses you. The bat hits you but does no damage.
The adder barely misses you.
An orc comes into view. It is wielding a +0 hand axe.
The orc hits you with a +0 war axe.
* * * LOW HITPOINT WARNING * * *
An orc comes into view. It is wielding a +0 mace.
You feel sick.
The orc shouts!
The bat barely misses you.
An orc comes into view. It is wielding a +0 flail.
The orc barely misses you. The adder bites you but does no damage.
The orc attacks as you move away! The orc hits you with a +0 war axe.
* * * LOW HITPOINT WARNING * * *
You feel sick.
The orc shouts!
The bat hits you but does no damage.
There is a stone staircase leading up here.
You feel sick.
You are no longer poisoned.
The adder bites you but does no damage. The bat hits you.
You die... .... ... #oo

#o#
##[#####
#......#
#......#
#@o....#
#bS....#
#......#
#......#
#......#
#........
#......###
########


You could see an adder, 4 orcs and a bat.

Vanquished Creatures
  2 adders (D:2)
  4 dart slugs
  3 ball pythons (D:1)
  3 endoplasms
  2 giant cockroaches
  4 hobgoblins
  7 jackals
  4 kobolds
  A quokka (D:2)
  A frilled lizard (D:2)
  2 rats (D:1)
33 creatures vanquished.

Notes
Turn   | Place    | Note
-------+----------+-------------------------------------------
     0 | D:1      | om the Troll Berserker began the quest for the Orb.
     0 | D:1      | Reached XP level 1. HP: 22/22 MP: 0/0
   166 | D:1      | Reached skill level 3 in Maces & Flails
   166 | D:1      | Reached XP level 2. HP: 27/29 MP: 1/1
   490 | D:2      | Reached XP level 3. HP: 36/36 MP: 2/2
   891 | D:2      | Reached ** piety under Trog
  1112 | D:3      | Identified a scroll of acquirement
  1122 | D:3      | HP: 1/36 [orc/+0 war axe (4)]
  1123 | D:3      | Slain by a bat

Illustrated notes

Levels and vault maps discovered:
D:1:      roderic_octagonal_star, layout_rooms
D:2:      layout_basic
D:3:      layout_rooms, grunt_temple_overflow_champion_of_chaos,
          basic_ecumenical_altar

Skill      XL: |  1 |
---------------+----+-----
Maces & Flails | 3 |  3.6
Fighting       | |  2.9
Dodging        | |  2.9

Action                   || total
-------------------------++-------
Melee: Mace              ||   102
       Punch             ||     1
 Stab: Sleeping          ||     1
Armor: Animal skin       ||    42
Dodge: Dodged            ||    53
